 Dungeon Crawl Stone Soup version 0.25-a0-290-g4a1327ee3a (webtiles) character file.

Game seed: 8449366966376093727, levelgen mode: deterministic

288 floatRand the Shield-Bearer (level 6, 0/47 HPs)
             Began as a Formicid Fighter on Dec 13, 2019.
             Slain by a bullfrog (3 damage)
             ... in a sewer.
             The game lasted 00:04:57 (2629 turns).

floatRand the Shield-Bearer (Formicid Fighter)      Turns: 2629, Time: 00:04:58

Health: 0/47       AC:  6    Str: 25    XL:     6   Next: 57%
Magic:  6/6        EV:  9    Int:  8    God:
Gold:   141        SH: 10    Dex: 12    Spells: 5/5 levels left

rFire    . . .     SeeInvis +   a - +0 long sword
rCold    . . .     Gourm    .   c - +0 shield
rNeg     . . .     Faith    .   b - +0 scale mail
rPois    .         Spirit   .   (helmet unavailable)
rElec    .         Reflect  .   (no cloak)
rCorr    .         Harm     .   (no gloves)
MR       .....                  (no boots)
Stlth    +.........             (no amulet)
HPRegen  0.15/turn              (no ring)
MPRegen  0.10/turn              (no ring)

@: mighty, lethally poisoned (0 -> 0)
A: permanent stasis, dig shafts and tunnels, four strong arms, antennae 3
a: Dig, Shaft Self


You were in a sewer.
You were hungry.

You visited 1 branch of the dungeon, and saw 3 of its levels.
You also visited: Sewer.

You collected 141 gold pieces.

Inventory:

Hand Weapons
 a - a +0 long sword (weapon)
Missiles
 q - 7 poisoned darts (quivered)
Armour
 b - a +0 scale mail (worn)
 c - a +0 shield (worn)
Jewellery
 o - an uncursed amulet of harm {unknown}
 s - an uncursed ring of ice {unknown}
Wands
 p - a wand of polymorph (11)
Scrolls
 e - a scroll of enchant weapon {unknown}
 g - a scroll of remove curse {unknown}
 h - 3 scrolls of identify {unknown}
 i - a scroll of teleportation {unknown}
 j - 2 scrolls of magic mapping {unknown}
 l - a scroll of amnesia {unknown}
 u - 2 scrolls of blinking {unknown}
 v - a scroll of fog {unknown}
Potions
 d - 2 potions of might
 k - a potion of ambrosia {unknown}
 m - 3 potions of curing {unknown}
 n - 2 potions of heal wounds {unknown}
 t - 2 potions of brilliance {unknown}
Comestibles
 f - 5 rations
 r - 12 chunks of flesh


   Skills:
 - Level 3.2 Fighting
 * Level 4.7 Long Blades
 - Level 3.2 Armour
 + Level 2.0 Dodging
 + Level 3.0 Stealth
 + Level 4.7 Shields


You had 5 spell levels left.
You didn't know any spells.
Your spell library was empty.

Dungeon Overview and Level Annotations

Branches:
Dungeon (3/15)              Sewer (1/1)

Altars:
Elyvilon
Makhleb
Zin
The Shining One


Innate Abilities, Weirdness & Mutations

You cannot be hasted, slowed, berserked, paralysed or teleported.
You can dig through walls and to a lower floor.
Your four strong arms can wield two-handed weapons with a shield.
You have a pair of large antennae on your head. (SInv)


Message History

Unknown command.
Your scale mail prevents you from hitting the bullfrog.
The bullfrog is severely wounded.
The bullfrog hits you.
* * * LOW HITPOINT WARNING * * *
The frilled lizard barely misses you. You block the bullfrog's attack.
The frilled lizard bites you.
* * * LOW HITPOINT WARNING * * *
Unknown command.
You feel very mighty all of a sudden. The bullfrog hits you.
* * * LOW HITPOINT WARNING * * *
You block the frilled lizard's attack.
The frilled lizard bites you but does no damage.
The bullfrog closely misses you.
Unknown command.
You barely miss the bullfrog.
The bullfrog is severely wounded.
You feel sick. The bullfrog hits you.
You die...

#. ...##
#.....
#≈≈≈#≈≈#
#≈≈≈≈≈
#≈≈≈≈≈≈#
#≈≈≈≈≈
#≈≈≈≈≈≈#
#≈≈≈≈≈
#≈≈≈≈≈≈#
#≈≈≈≈≈
#≈#≈≈≈≈#
#≈≈≈≈≈
#≈≈≈≈≈≈#
#≈≈≈≈≈
#≈Fl≈≈≈#
#≈≈≈≈≈
#†@l≈≈≈#
#≈....
#≈≈#≈≈≈#
#≈....
#≈≈≈≈≈≈#
#≈†...
#≈≈≈≈≈≈#
#≈≈÷≈≈
#≈≈≈≈≈≈#
#≈≈≈≈≈
#≈≈≈≈≈≈#
#≈≈≈≈≈
#≈≈≈≈≈≈#
#≈≈≈≈≈
#≈≈≈≈≈≈#####
#≈≈†≈≈
##.....##..#
#..†..


You could see a bullfrog and 2 frilled lizards.

Vanquished Creatures
  A bullfrog (Sewer)
  3 gnolls (D:2)
  8 adders
  2 river rats
  An ooze (Sewer)
  2 worms
  3 dart slugs
  3 leopard geckos
  An orc (D:3)
  7 bats
  4 giant cockroaches
  5 goblins
  3 hobgoblins
  A quokka (D:2)
  12 ball pythons
  9 frilled lizards
  5 kobolds
  35 rats
105 creatures vanquished.

Notes
Turn   | Place    | Note
-------+----------+-------------------------------------------
     0 | D:1      | floatRand the Formicid Fighter began the quest for the Orb.
     0 | D:1      | Reached XP level 1. HP: 18/18 MP: 1/1
    55 | D:1      | Reached XP level 2. HP: 24/24 MP: 2/2
   306 | D:1      | Reached XP level 3. HP: 27/29 MP: 3/3
   507 | D:2      | Reached skill level 1 in Stealth
   861 | D:2      | Reached XP level 4. HP: 15/35 MP: 4/4
  1109 | D:2      | Reached skill level 1 in Dodging
  1172 | D:2      | Found a glowing silver altar of Zin.
  1172 | D:2      | Found a white marble altar of Elyvilon.
  1173 | D:2      | Found a burning altar of Makhleb.
  1503 | D:2      | Found a glowing golden altar of the Shining One.
  1707 | D:3      | Reached XP level 5. HP: 41/41 MP: 5/5
  2037 | D:3      | Found a glowing drain.
  2059 | Sewer    | Entered a sewer
  2552 | Sewer    | Reached XP level 6. HP: 46/47 MP: 6/6
  2629 | Sewer    | Slain by a bullfrog

Levels and vault maps discovered:
D:1:      dpeg_arrival_tiny_b, layout_rooms
D:2:      layout_basic, tso_altar, gammafunk_temple_overflow_claw
D:3:      layout_loops_ring, first_ration, gup_sewer_entry_bubbles
Sewer:    sewer_minmay_w

Skill      XL: |  1  2  3  4  5  6 |
---------------+-------------------+-----
Long Blades    | 3 4 |  4.7
Stealth        | 1 2 3 |  3.0
Shields        | 4 |  4.7
Dodging        | 1 2 |  2.0
Fighting       | |  3.2
Armour         | |  3.2

Action                   |  1- 3 |  4- 6 || total
-------------------------+-------+-------++-------
Melee: Long sword        |    75 |   255 ||   330
  Use: Potion            |       |     1 ||     1
  Eat: Chunk             |       |     6 ||     6
Armor: Scale mail        |    41 |   152 ||   193
Dodge: Dodged            |    36 |   109 ||   145
Block: Shield            |    42 |   191 ||   233
       Rpst.: Long sword |    12 |    39 ||    51

Table legend:
 A = Non-vault XP
 B = Vault XP
 C = Vault XP percentage of total XP
 D = Non-vault monster count
 E = Vault monster count
 F = Vault count percentage of total count
                 A         B        C        D         E       F
            +---------+---------+-------+---------+---------+-------
      Total |     166 |     246 |  59.7 |      52 |      53 |  50.5
            +---------+---------+-------+---------+---------+-------
        D:1 |      38 |       0 |   0.0 |      23 |       0 |   0.0
        D:2 |     100 |       0 |   0.0 |      20 |       0 |   0.0
        D:3 |      28 |      36 |  56.2 |       9 |       8 |  47.1
      Sewer |       0 |     210 | 100.0 |       0 |      45 | 100.0
            +---------+---------+-------+---------+---------+-------
